 Dungeon Crawl Stone Soup version 0.30-a0-776-g08fbeb92c1 (console) character file.

Game seed: 16443004200052557959

6 Ignak the Ogre Mage (level 1, -2/18 HPs)
             Began as an Ogre Hedge Wizard on Feb 13, 2023.
             Slain by a kobold
             ... wielding a +0 short sword
              (4 damage)
             ... on level 1 of the Dungeon.
             The game lasted 00:00:39 (274 turns).

Ignak the Ogre Mage (Ogre Hedge Wizard)              Turns: 274, Time: 00:00:40

Health: -2/18      AC:  3    Str: 13    XL:     1   Next: 90%
Magic:  0/5        EV:  9    Int: 15    God:
Gold:   27         SH:  0    Dex:  8    Spells: 6/7 levels left

rFire   . . .      SeeInvis .    a - +0 dagger
rCold   . . .      Faith    .    (no shield)
rNeg    . . .      Spirit   .    b - +0 robe
rPois   .          Reflect  .    c - +0 hat
rElec   .          Harm     .    (no cloak)
rCorr   .          Rampage  .    (gloves unavailable)
Will    .....                    (boots unavailable)
Stlth   +                        (no amulet)
HPRegen 0.23/turn                (no ring)
MPRegen 0.09/turn                (no ring)

@: no status effects
A: large, unfitting armour, tough skin 1
a: no special abilities


You were on level 1 of the Dungeon.
You visited 1 branch of the dungeon, and saw 1 of its levels.

You collected 27 gold pieces.

Inventory:

Hand Weapons
 a - a +0 dagger (weapon)
Armour
 b - a +0 robe (worn)
 c - a +0 hat (worn)
Scrolls
 e - a scroll of vulnerability {unknown}
 h - a scroll of enchant weapon {unknown}
 i - a scroll of fear {unknown}
 j - a scroll of poison {unknown}
 m - a scroll of teleportation {unknown}
Potions
 d - a potion of magic
 f - a potion of attraction {unknown}
 g - a potion of cancellation {unknown}
 k - a potion of invisibility {unknown}
 l - a potion of curing {unknown}


   Skills:
 + Level 0.5 Fighting
 + Level 0.2 Armour
 + Level 1.8 Dodging
 - Level 1.4 Stealth
 + Level 3.7 Spellcasting
 + Level 1.0 Conjurations
 - Level 0.8 Summonings
 + Level 1.0 Translocations


You had 6 spell levels left.
You knew the following spells:

 Your Spells              Type           Power      Damage    Failure   Level
a - Magic Dart            Conj           20%        1d4       12%         1

Your spell library contained the following spells:

 Spells                   Type           Power      Damage    Failure   Level
 Slow                     Hex            8%         N/A       19%         1
 Blink                    Tloc           10%        N/A       19%         2
 Call Imp                 Summ           5%         N/A       21%         2
 Cigotuvi's Dreadful Rot  Necr/Pois/Air  4%         N/A       28%         2
 Mephitic Cloud           Conj/Pois/Air  3%         N/A       43%         3


Dungeon Overview and Level Annotations

Branches:
Dungeon (1/15)

Altars:


Innate Abilities, Weirdness & Mutations

You are too large for most types of armour.
You have tough skin. (AC +1)


Message History

You hit the hobgoblin but do no damage.
The hobgoblin is moderately wounded.
The hobgoblin hits you but does no damage.
You barely miss the hobgoblin.
The hobgoblin is moderately wounded.
The hobgoblin hits you.
* * * LOW HITPOINT WARNING * * *
You hit the hobgoblin.
The hobgoblin is heavily wounded.
The hobgoblin barely misses you.
You barely miss the hobgoblin.
The hobgoblin is heavily wounded.
The hobgoblin hits you but does no damage.
You closely miss the hobgoblin.
The hobgoblin is heavily wounded.
The hobgoblin closely misses you.
Casting: Magic Dart (safe; 12% risk of failure)
Confirm with . or Enter, or press ? or * to list all spells.
Aiming: Magic Dart (safe; 12% risk of failure)
Press: ? - help, Shift-Dir - straight line, f/p - hobgoblin
Aim: a hobgoblin (heavily wounded, 100% to hit)
The magic dart hits the hobgoblin.
The hobgoblin is severely wounded.
The hobgoblin hits you.
* * * LOW HITPOINT WARNING * * *
You hit the hobgoblin.
You kill the hobgoblin!
You hit the kobold but do no damage. The kobold barely misses you.
You hit the kobold but do no damage. The kobold closely misses you.
You hit the kobold.
The kobold is moderately wounded.
The kobold hits you but does no damage.
You closely miss the kobold.
The kobold is moderately wounded.
The kobold hits you with a +0 short sword.
* * * LOW HITPOINT WARNING * * *
You hit the kobold but do no damage. Your punch misses the kobold.
The kobold is moderately wounded.
The kobold hits you with a +0 short sword.
You die...

#######.###
#.........#
#.#####.#(#
#.#.#
#.#.######
#.#......#
#.######.#
#.### #.#
#.... #@#
#. #K#
#.###†#
#.....#
#.#...#
#.....#
#...#...#
#.####.##
#. #.#


You could see a kobold.

Vanquished Creatures
  3 hobgoblins (D:1)
  A quokka (D:1)
  A bat (D:1)
5 creatures vanquished.

Notes
Turn   | Place    | Note
-------+----------+-------------------------------------------
     0 | D:1      | Ignak the Ogre Hedge Wizard began the quest for the Orb.
     0 | D:1      | Reached XP level 1. HP: 16/16 MP: 5/5
   128 | D:1      | Reached skill level 1 in Conjurations
   252 | D:1      | Reached skill level 1 in Translocations
   274 | D:1      | Slain by a kobold

Illustrated notes

Levels and vault maps discovered:
D:1:      dpeg_arrival_connections, layout_loops_ring, minivault_5,
          serial_bayou_pond_e, serial_park_tiny_pond

Skill      XL: |  1 |
---------------+----+-----
Conjurations   | 1 |  1.0
Translocations | 1 |  1.0
Fighting       | |  0.5
Armour         | |  0.2
Dodging        | |  1.8
Stealth        | |  1.4
Spellcasting   | |  3.7
Summonings     | |  0.8

Action                     || total
---------------------------++-------
  Melee: Dagger            ||    25
   Cast: Magic Dart        ||    13
 Armour: Robe              ||    17
  Dodge: Dodged            ||    27

Table legend: (Time is in decaauts)
 A = Elapsed time spent in this place.
 B = Non-inter-level travel time spent in this place.
 C = Inter-level travel time spent in this place.
 D = Time resting spent in this place.
 E = Time spent auto-exploring this place.
 F = Levels seen in this place.
 G = Mean time per level.
                   A        B        C        D        E       F      G
               +--------+--------+--------+--------+--------+-----+--------+
         Total |    274 |    274 |      0 |      4 |    181 |   1 |  274.0 |
       Dungeon |    274 |    274 |      0 |      4 |    181 |   1 |  274.0 |
               +--------+--------+--------+--------+--------+-----+--------+

Top non-repeatable levels by time:
     D:1: 274 daAuts
